 Dungeon Crawl Stone Soup version 0.30-a0-782-ge64f9170bb (webtiles) character file.

Game seed: 4517529517512388231

141807 Angani the Bludgeoner (level 16, -17/157 HPs)
             Began as a Green Draconian Hedge Wizard on Mar 14, 2023.
             Was a High Priest of Ashenzari.
             Killed by an exploding bloated husk (36 damage)
             ... on level 3 of the Swamp on Mar 18, 2023.
             The game lasted 01:21:57 (33988 turns).

Angani the Bludgeoner (DrHW)                       Turns: 33988, Time: 01:21:58

Health: -17/157    AC: 13    Str: 11    XL:     16   Next: 79%
Magic:  24/42      EV: 18    Int: 25    God:    Ashenzari [*****.]
Gold:   3192       SH:  9    Dex: 17    Spells: 16/49 levels left

rFire   . . .      SeeInvis +    M - +9 morningstar of Ashenzari's Pleiades {freeze, Will+ rCorr, Elem, Self} (curse)
rCold   . . .      Faith    .    Q - +0 kite shield of Paageith {rPois rN+ Dex+3 Stlth+}
rNeg    + + +      Spirit   .    (body armour unavailable)
rPois   +          Reflect  .    b - +0 hat of the Bound Liberalism {Fort, Cun} (curse)
rElec   +          Harm     .    G - +1 cloak of the Eternal Inaction {Self, Evo} (curse)
rCorr   +          Rampage  .    i - +0 pair of gloves "Stars of the Soothsayer" {Elem, Range} (curse)
Will    ++++.      Clarity  +    x - +0 pair of boots "Enlightened Soothsayer" {rPois Will+ Dex+2, Alch, Self} (curse)
Stlth   +++++                    q - amulet "At What Cost Knowledge?" {RegenMP, Fort, Bglg} (curse)
HPRegen 0.46/turn                f - ring of Ashenzari's Failure {Wiz rElec rN++ MP+9 Stlth+, Self, Bglg} (curse)
MPRegen 0.68/turn                K - ring "Lethargy of Ashenzari" {Will+, Bglg, Evo} (curse)

@: studying Ice Magic
A: breathe noxious fumes, AC +9, unfitting armour, stinger 1, poison resistance,
cold-blooded, talons 1, clever 1, low MP 1
a: Breathe Noxious Fumes, Renounce Religion, Shatter the Chains


You were on level 3 of the Swamp.
You worshipped Ashenzari.
Ashenzari was extremely pleased with you.
You visited 5 branches of the dungeon, and saw 26 of its levels.
You also visited: Ossuary and Ice Cave.

You collected 4061 gold pieces.
You spent 869 gold pieces at shops.

Inventory:

Hand Weapons
 M - the cursed +9 morningstar of Ashenzari's Pleiades (weapon) {freeze, Will+ rCorr, Elem, Self}
   (You found it on level 5 of the Lair of Beasts)

   rCorr:     It protects you from acid and corrosion.
   Will:      It increases your willpower.
   It has a curse which improves the following skills: Elements: Fire Magic, Ice
   Magic, Air Magic and Earth Magic.
   Introspection: Fighting and Spellcasting.
Armour
 b - the cursed +0 hat of the Bound Liberalism (worn) {Fort, Cun}

   It has a curse which improves the following skills: Fortitude: Shields.
   Cunning:   Dodging and Stealth.
 i - the cursed +0 pair of gloves "Stars of the Soothsayer" (worn) {Elem, Range}
   (You found it on level 3 of the Dungeon)

   It has a curse which improves the following skills: Elements: Fire Magic, Ice
   Magic, Air Magic and Earth Magic.
   Ranged Combat: Ranged Weapons and Throwing.
 x - the cursed +0 pair of boots "Enlightened Soothsayer" (worn) {rPois Will+ Dex+2, Alch, Self}
   (You bought it in a shop on level 6 of the Dungeon)

   Dex:       It affects your dexterity (+2).
   rPois:     It protects you from poison.
   Will:      It increases your willpower.
   It has a curse which improves the following skills: Alchemy: Poison Magic and
   Transmutations.
   Introspection: Fighting and Spellcasting.
 G - the cursed +1 cloak of the Eternal Inaction (worn) {Self, Evo}
   (You found it on level 8 of the Dungeon)

   It has a curse which improves the following skills: Introspection: Fighting
   and Spellcasting.
   Evocations: Evocations.
 J - a scarf of shadows
 Q - the +0 kite shield of Paageith (worn) {rPois rN+ Dex+3 Stlth+}
   (You acquired it on level 2 of the Swamp)

   Dex:       It affects your dexterity (+3).
   rPois:     It protects you from poison.
   rN:        It protects you from negative energy.
   Stlth:     It makes you more stealthy.
Jewellery
 f - the cursed ring of Ashenzari's Failure (left hand) {Wiz rElec rN++ MP+9 Stlth+, Self, Bglg}
   (You found it on level 3 of the Dungeon)

   [ring of wizardry]

   It improves your spell success rate.
   rElec:     It insulates you from electricity.
   rN:        It greatly protects you from negative energy.
   MP:        It affects your magic capacity (+9).
   Stlth:     It makes you more stealthy.
   It has a curse which improves the following skills: Introspection: Fighting
   and Spellcasting.
   Beguiling: Conjurations, Hexes and Translocations.
 q - the cursed amulet "At What Cost Knowledge?" (around neck) {RegenMP, Fort, Bglg}
   (You found it on level 4 of the Dungeon)

   [amulet of magic regeneration]

   It increases your rate of magic regeneration.
   It has a curse which improves the following skills: Fortitude: Shields.
   Beguiling: Conjurations, Hexes and Translocations.
 K - the cursed ring "Lethargy of Ashenzari" (right hand) {Will+, Bglg, Evo}
   (You found it on level 14 of the Dungeon)

   [ring of willpower]

   Will:      It increases your willpower.
   It has a curse which improves the following skills: Beguiling: Conjurations,
   Hexes and Translocations.
   Evocations: Evocations.
Wands
 k - a wand of polymorph (4)
 p - a wand of light (3)
 u - a wand of flame (63)
 I - a wand of paralysis (5)
 L - a wand of mindburst (8)
 N - a wand of roots (29)
Scrolls
 a - 8 scrolls of poison
 d - 5 scrolls of fear
 h - 7 scrolls of magic mapping
 j - 13 scrolls of teleportation
 l - 3 scrolls of silence
 m - 2 scrolls of enchant weapon
 o - 5 scrolls of fog
 s - 6 scrolls of blinking
 t - 8 scrolls of amnesia
 v - 2 scrolls of vulnerability
 y - 3 scrolls of torment
 A - a scroll of enchant armour
 P - a scroll of butterflies
Potions
 c - a potion of magic
 e - 3 potions of heal wounds
 g - 8 potions of curing
 n - 5 potions of brilliance
 r - 6 potions of attraction
 w - 5 potions of lignification
 z - 6 potions of berserk rage
 B - 2 potions of ambrosia
 C - 2 potions of mutation
 D - 2 potions of resistance
 E - 8 potions of might
 F - 8 potions of haste
 H - 6 potions of invisibility
 O - a potion of cancellation


   Skills:
 - Level 12.4(17.9) Fighting
 - Level 16.0 Maces & Flails
 - Level 10.7(13.0) Dodging
 - Level 1.7(3.4) Stealth
 + Level 1.6(4.0) Shields
 - Level 11.8(17.3) Spellcasting
 - Level 5.7(10.1) Conjurations
 - Level 10.0 Summonings
 + Level 6.0(10.4) Translocations
 - Level 8.1(10.5) Transmutations
 - Level 5.0(8.3) Fire Magic
 - Level 9.7(12.0) Poison Magic


You had 16 spell levels left.
You knew the following spells:

 Your Spells              Type           Power      Damage    Failure   Level
a - Magic Dart            Conj           100%       1d8       1%          1
b - Call Imp              Summ           64%        N/A       1%          2
c - Blink                 Tloc           100%       N/A       1%          2
d - Sticky Flame          Conj/Fire      61%        2d8       1%          4
e - Call Canine Familiar  Summ           64%        N/A       1%          3
f - Eringya's Noxious Bo  Tmut/Pois      33%        N/A       4%          6
g - Summon Cactus Giant   Summ           32%        N/A       7%          6
h - Summon Forest         Summ/Tloc      32%        N/A       1%          5
i - Manifold Assault      Tloc           65%        N/A       1%          4

Your spell library contained the following spells:

 Spells                   Type           Power      Damage    Failure   Level
 Apportation              Tloc           100%       N/A       1%          1
 Shock                    Conj/Air       100%       1d9       1%          1
 Summon Small Mammal      Summ           100%       N/A       1%          1
 Cigotuvi's Dreadful Rot  Necr/Pois/Air  84%        N/A       1%          2
 Passwall                 Tmut/Erth      40%        N/A       1%          2
 Scorch                   Fire           100%       2d10      1%          2
 Inner Flame              Hex/Fire       44%        N/A       1%          3
 Kindle Blastsparks       Fire/Tloc/Air  100%       2d18      1%          3
 Mephitic Cloud           Conj/Pois/Air  56%        N/A       1%          3
 Portal Projectile        Hex/Tloc       98%        N/A       1%          3
 Summon Guardian Golem    Hex/Summ       48%        N/A       1%          3
 Vhi's Electric Charge    Tloc/Air       96%        N/A       1%          3
 Flame Wave               Conj/Fire      61%        2d14      1%          4
 Iskenderun's Mystic Bla  Conj/Tloc      64%        2d13      1%          4
 Blade Hands              Tmut           32%        N/A       1%          5
 Irradiate                Conj/Tmut      32%        3d22      1%          5
 Necrotise                Necr           84%        1d8       2%          1
 Slow                     Hex            96%        N/A       2%          1
 Ensorcelled Hibernation  Hex/Ice        48%        N/A       3%          2
 Fulminant Prism          Conj/Hex       24%        3d12      3%          4
 Petrify                  Tmut/Erth      49%        N/A       3%          4
 Sublimation of Blood     Necr           21%        N/A       4%          2
 Confusing Touch          Hex            24%        N/A       6%          3
 Tukima's Dance           Hex            24%        N/A       6%          3
 Swiftness                Air            24%        N/A       7%          3
 Vampiric Draining        Necr           21%        2d7       9%          3
 Arcjolt                  Conj/Air       24%        1d34      9%          5
 Airstrike                Air            12%        2d(2-18)  22%         4
 Summon Hydra             Summ           32%        N/A       34%         7
 Iron Shot                Conj/Erth      24%        9d5       43%         6
 Lee's Rapid Deconstruct  Erth           12%        3d8*      52%         5
 Storm Form               Tmut/Air       24%        N/A       91%         7
 Maxwell's Capacitive Co  Air            12%        ∞         100%        8
 Animate Armour           Summ/Erth      Unusable   N/A       N/A         4

Dungeon Overview and Level Annotations

Branches:
Dungeon (15/15)            Temple (1/1) D:6            Lair (5/5) D:10
  Swamp (3/4) Lair:2       Spider (0/4) Lair:3        Slime (0/5) Lair:4
    Orc (2/2) D:10            Elf (0/3) Orc:2        Vaults (0/5) D:13
 Depths (0/4) D:15        Ossuary (visited)           IceCv (visited)

Altars:
Ashenzari
Cheibriados
Dithmenos
Elyvilon
Fedhas
Gozag
Hepliaklqana
Kikubaaqudgha
Makhleb
Nemelex Xobeh
Okawaru
Qazlal
Ru
Sif Muna
Trog
Uskayaw
Vehumet
Wu Jian
Xom
Yredelemnul
Zin
The Shining One

Shops:
D:6 [   D:14 *   Orc:1 [   Orc:2 :*([

Annotations:
D:5 exclusion: door
D:10 3 runed translucent doors, HoaS's ghost, journeyman GrHu
D:11 2 transporters, theswoord's ghost, journeyman DsGl
Lair:1 2 transporters, Aketubro's ghost, journeyman MiFi


Innate Abilities, Weirdness & Mutations

You can breathe blasts of noxious fumes.
Your lurid green scales are hard. (AC +9)
You cannot fit into any form of body armour.
Your tail ends in a venomous barb.
Your system is resistant to poisons. (rPois)
You are cold-blooded and may be slowed by cold attacks.
You have sharp toenails.
Your mind is acute. (Int +4, Str/Dex -1)
Your magical capacity is low. (-10% MP)


Message History

The will-o-the-wisp gestures.
The will-o-the-wisp conjures some foxfire!
Your base Translocations skill increases to level 6! 2 foxfires come into view.
Casting: Manifold Assault (safe; 1% risk of failure)
Press: ? - help, Q - select action, (/) - cycle Dir - look around, f - activate Space momentarily warps into an impossible shape!
Your unstable footing causes you to fumble your attack.
Your unstable footing causes you to fumble your attack. x2
The eleionoma shouts!
You are engulfed in a cloud of scalding steam.
The foxfire hits you!!
* * * LOW HITPOINT WARNING * * *
The foxfire hits you.
* * * LOW HITPOINT WARNING * * *
Unknown command.
The bloated husk festers in the toxic bog. x2
The will-o-the-wisp gestures.
The will-o-the-wisp conjures some foxfire!
The eleionoma flows through the trees. 2 foxfires come into view.
The eleionoma attacks as you move away! The eleionoma closely misses you.
Your noxious spew wanes.
The foxfire hits you!!
* * * LOW HITPOINT WARNING * * *
The will-o-the-wisp gestures.
The will-o-the-wisp conjures some foxfire!
The will-o-the-wisp closely misses you. 2 foxfires come into view.
Blink to where?
Press: ? - help, Dir - move target Splash!
You fall into the shallow water.
Moving in this stuff is going to be slow.
As you read the scroll of blinking, it crumbles to dust.
The foxfire moves out of view.
There is a stone staircase leading up here.
The bloated husk explodes!
The blast of putrescent gases engulfs you!!!
You die...

♣♣~.♣ ~~~~ , *{*
♣†♣♣ **~ ~~ ,
*♣♣♣♣.♣ * ~
♣♣~..~♣ ***,
♣~♣~~~♣~♣ * *,
♣~.~§~~.♣♣ * *
♣♣..~}...♣♣♣ * **
*♣~♣♣♣♣♣♣~~~♣♣ ***
*.~, ♣@.~~♣ .** *
** ♣~♣♣~♣♣ ~ .~, *
♣~♣♣♣{♣♣♣♣*~..,, ,
♣♣♣♣§.{♣~♣~.~~,,*,
♣♣.§♣v~~...♣,,*,
♣.~R.~....♣♣ ,+,
♣♣....~$...♣ **
♣§v.~......, *, *
♣..§~...~~.. *


There were no monsters in sight!

Vanquished Creatures
  Kirke (D:15)
  An orc warlord (Orc:2)
  Nessos (D:14)
  3 bunyips
  2 eleionomae
  An ettin (Orc:1)
  A fire dragon (D:15)
  An ice dragon (D:14)
  7 hydras
  4 vault guards (D:13)
  A ghost crab (Swamp:1)
  3 centaur warriors
  4 alligators
  4 boulder beetles
  2 orc high priests
  5 two-headed ogres
  2 deep troll earth magi (D:15)
  4 death yaks (Lair:4)
  Amaemon (Lair:3)
  6 goliath frogs
  A skyshark (Lair:2)
  2 spriggan druids (Swamp:2)
  An obsidian statue (IceCv)
  A wizard (D:12)
  4 spriggan simulacra (IceCv)
  3 orc knights (Orc:2)
  A lindwurm (Lair:2)
  A bog body (Swamp:1)
  4 deep elf pyromancers
  An oklob plant (Lair:2)
  8 cyclopes
  2 manticores
  A wolf spider (D:15)
  11 ugly things
  7 orc sorcerers
  2 will-o-the-wisps
  11 elephants
  Joseph (D:7)
  An orange demon (Lair:3)
  10 black mambas
  An ice statue (D:14)
  An unseen horror (D:12)
  Maggie (D:7)
  22 cane toads
  5 rime drakes
  15 komodo dragons
  An efreet (D:13)
  3 ice devils (IceCv)
  A polar bear (Lair:5)
  A hornet (D:8)
  7 trolls
  10 tyrant leeches
  20 dream sheep
  Prince Ribbit (D:7)
  29 blink frogs
  5 slime creatures (D:12)
  5 water elementals
  A blink frog (shapeshifter) (D:13)
  2 large abominations (D:12)
  2 dire elephant simulacra (IceCv)
  A vampire (D:10)
  A shadow (D:11)
  36 yaks
  A hog (D:15)
  2 wraiths
  5 basilisks
  2 wyverns
  8 vampire mosquitoes
  A steam dragon (D:10)
  2 wargs (Orc:1)
  6 swamp worms
  2 acid dragons
  21 water moccasins
  A swamp drake (Swamp:1)
  A black bear (D:7)
  30 orc warriors
  A sky beast (D:8)
  10 ogres
  6 centaurs
  An ice beast (D:7)
  21 wolves
  3 small abominations (D:12)
  5 kobold brigands
  A gnoll sergeant (D:6)
  17 bullfrogs
  5 necrophages
  7 deep troll simulacra (IceCv)
  A lindwurm simulacrum (IceCv)
  6 killer bees
  14 electric eels
  A howler monkey (D:10)
  3 hounds
  3 jellies
  17 orc priests
  A human zombie (Ossuary)
  6 iguanas
  26 orc wizards
  6 hell rats (Lair:5)
  A hound zombie (Ossuary)
  3 mummies
  2 gnolls (D:6)
  9 adders
  2 shadow imps
  3 ufetubi
  A worm (D:2)
  A dart slug (D:8)
  68 orcs
  5 bats
  7 endoplasms
  2 giant cockroaches
  5 goblins
  11 hobgoblins
  A jackal (D:2)
  23 kobolds
  5 quokkas
  6 ball pythons
  A goblin zombie (Ossuary)
  2 hobgoblin zombies (Ossuary)
  3 rats (D:1)
702 creatures vanquished.

Vanquished Creatures (collateral kills)
  An Ice Fiend (IceCv)
  A bunyip (Swamp:2)
  A spriggan air mage (Swamp:2)
  An ice dragon (D:15)
  5 hydras
  An ogre mage (D:15)
  2 caustic shrike simulacra (IceCv)
  An alligator (Swamp:1)
  A death yak (Lair:4)
  7 two-headed ogres
  2 spriggans (Swamp:2)
  3 large abominations (D:12)
  A goliath frog (Swamp:2)
  A bog body (IceCv)
  2 spriggan simulacra (IceCv)
  2 ugly things (D:14)
  4 gargoyles
  A torpor snail (Lair:4)
  A komodo dragon (Lair:1)
  A rime drake (D:10)
  7 ice devils (IceCv)
  An efreet (D:12)
  3 freezing wraiths (IceCv)
  2 anaconda simulacra (IceCv)
  A komodo dragon (shapeshifter) (D:15)
  A polar bear (D:10)
  3 dream sheep (Lair:4)
  3 hornets
  4 small abominations (D:12)
  A wraith (D:10)
  3 yaks (D:12)
  2 water elementals
  5 vampire mosquitoes
  6 minotaur simulacra (IceCv)
  A swamp worm (Swamp:1)
  2 hydra simulacra (IceCv)
  A water moccasin (Lair:2)
  A swamp drake (Swamp:2)
  3 ice beasts (D:10)
  2 orc warriors (D:9)
  2 wolves (D:10)
  A centaur (D:15)
  2 ogres
  2 phantoms (D:6)
  A necrophage (Lair:3)
  2 bullfrogs
  A scorpion (D:5)
  10 deep troll simulacra (IceCv)
  3 killer bees
  An electric eel (D:13)
  A hound (D:5)
  2 orc priests (D:9)
  3 orc wizards
  2 mummies (Ossuary)
  An adder (D:6)
  2 gnolls (D:6)
  A white imp (D:8)
  2 adder zombies (Ossuary)
  11 orcs
  An endoplasm (D:5)
  2 kobolds (D:5)
  A goblin zombie (Ossuary)
  2 kobold zombies (Ossuary)
  2 orc zombies (Ossuary)
149 creatures vanquished.

Vanquished Creatures (others)
  A goliath frog (Swamp:1)
  2 bloated husks
  2 humans (D:15)
  15 foxfires
  32 fungi
  162 plants
  A snaplasher vine (Swamp:2)
  9 toadstools (D:5)
224 creatures vanquished.

Grand Total: 1075 creatures vanquished

Notes
Turn   | Place    | Note
-------+----------+-------------------------------------------
     0 | D:1      | Angani the Draconian Hedge Wizard began the quest for the
                  | Orb.
     0 | D:1      | Reached XP level 1. HP: 14/14 MP: 4/4
   341 | D:1      | Reached XP level 2. HP: 20/20 MP: 1/6
  1201 | D:2      | Reached XP level 3. HP: 25/26 MP: 4/7
  1585 | D:2      | Learned a level 2 spell: Call Imp
  1588 | D:2      | Learned a level 2 spell: Blink
  2096 | D:3      | Identified the ring of Vefis {Wiz rElec rN++ MP+9 Stlth+}
  2215 | D:3      | Gained mutation: Your magical capacity is low. (-10% MP)
                  | [potion of mutation]
  2215 | D:3      | Gained mutation: Your mind is acute. (Int +4, Str/Dex -1)
                  | [potion of mutation]
  2215 | D:3      | Gained mutation: You have sharp toenails. [potion of
                  | mutation]
  2267 | D:3      | Found a bloodstained altar of Trog.
  2418 | D:3      | Reached XP level 4. HP: 33/33 MP: 8/8
  2527 | D:3      | Learned a level 4 spell: Sticky Flame
  2899 | D:3      | Found a faded altar of an unknown god.
  2904 | D:3      | Prayed at the altar of an unknown god.
  2904 | D:3      | Became a worshipper of Elyvilon the Healer
  2904 | D:3      | Reached * piety under Elyvilon
  2905 | D:3      | Fell from the grace of Elyvilon
  2988 | D:4      | Found a shimmering altar of Xom.
  2995 | D:4      | Found an ancient bone altar of Kikubaaqudgha.
  2997 | D:4      | Identified the +8 long sword of Emuwkaf {vamp, rF- Dex+6}
  3022 | D:4      | Noticed a necrophage
  3030 | D:4      | Killed a necrophage
  3031 | D:4      | Reached skill level 1 in Fire Magic
  3031 | D:4      | Reached XP level 5. HP: 30/38 MP: 9/9
  3245 | D:4      | Identified the +1 short sword of Uskayaw's Pride {flame,
                  | Contam Int+3 Dex+2}
  3453 | D:4      | Noticed an orc warrior
  3500 | D:4      | Killed an orc warrior
  3501 | D:4      | Reached XP level 6. HP: 33/45 MP: 11/11
  3597 | D:4      | Learned a level 3 spell: Call Canine Familiar
  3941 | D:5      | Entered Level 5 of the Dungeon
  4121 | D:5      | Your scales start taking on a lurid green colour.
  4121 | D:5      | Reached XP level 7. HP: 31/50 MP: 12/12
  4121 | D:5      | Gained mutation: Your system is resistant to poisons.
                  | (rPois) [Green Draconian growth]
  4325 | D:5      | Reached skill level 5 in Spellcasting
  4432 | D:5      | Reached XP level 8. HP: 57/57 MP: 14/14
  4852 | D:5      | Reached skill level 5 in Conjurations
  4940 | D:5      | Reached skill level 5 in Summonings
  4942 | D:5      | Noticed a slime creature
  4942 | D:5      | Noticed a slime creature
  5535 | D:6      | Found a shadowy altar of Dithmenos.
  5714 | D:6      | Found a staircase to the Ecumenical Temple.
  5767 | Temple   | Entered the Ecumenical Temple
  5968 | Temple   | Became a worshipper of Ashenzari the Shackled
  6005 | D:6      | Found a sparkling altar of Nemelex Xobeh.
  6168 | D:6      | Found an ornate altar of the Wu Jian Council.
  6263 | D:6      | Reached skill level 5 in Fire Magic
  6270 | D:6      | Learned a level 6 spell: Eringya's Noxious Bog
  6364 | D:6      | Reached XP level 9. HP: 58/62 MP: 16/16
  6449 | D:6      | Found Gissaron's Armour Boutique.
  6461 | D:6      | Reached skill level 1 in Poison Magic
  6471 | D:6      | Bought the +0 pair of boots of Salvation {rPois Will+
                  | Dex+2} for 357 gold pieces
  7226 | D:7      | Noticed Joseph
  7270 | D:7      | Killed Joseph
  7453 | D:7      | Reached * piety under Ashenzari
  7551 | D:7      | Noticed Maggie
  7568 | D:7      | Killed Maggie
  7583 | D:7      | Noticed Prince Ribbit
  7597 | D:7      | Killed Prince Ribbit
  7855 | D:7      | Found a hazy altar of Hepliaklqana.
  8070 | D:8      | Found a sand-covered staircase.
  8078 | Ossuary  | Entered an ossuary
  8287 | Ossuary  | Reached ** piety under Ashenzari
  8385 | D:8      | Reached skill level 5 in Poison Magic
  8622 | D:8      | Noticed a two-headed ogre
  8624 | D:8      | Found a snail-covered altar of Cheibriados.
  8626 | D:8      | Killed a two-headed ogre
  8627 | D:8      | Reached XP level 10. HP: 69/69 MP: 18/18
  8790 | D:8      | Reached skill level 5 in Transmutations
  8899 | D:8      | Reached *** piety under Ashenzari
  9761 | D:9      | Reached **** piety under Ashenzari
 10099 | D:9      | Noticed a two-headed ogre
 10118 | D:9      | Killed a two-headed ogre
 10309 | D:10     | Entered Level 10 of the Dungeon
 10324 | D:10     | Found a runed translucent gate.
 10324 | D:10     | Found a runed translucent gate.
 10324 | D:10     | Found a runed translucent gate.
 10709 | D:10     | Noticed a cyclops
 10714 | D:10     | Killed a cyclops
 10914 | D:10     | Found a staircase to the Lair.
 10936 | D:10     | Reached XP level 11. HP: 49/75 MP: 21/21
 11351 | D:10     | Found a staircase to the Orcish Mines.
 11558 | D:10     | Found an opulent altar of Gozag.
 11610 | D:10     | Noticed a two-headed ogre
 11629 | D:10     | Killed a two-headed ogre
 11808 | D:10     | Noticed HoaS's ghost (journeyman GrHu)
 11885 | D:10     | Found a stormy altar of Qazlal.
 11919 | D:10     | Reached skill level 10 in Summonings
 12086 | Lair:1   | Entered Level 1 of the Lair of Beasts
 12105 | Lair:1   | Reached skill level 1 in Fighting
 12753 | Lair:1   | Noticed Aketubro's ghost (journeyman MiFi)
 12754 | Lair:1   | Found a transporter.
 12759 | Lair:1   | Found a transporter.
 12761 | Lair:1   | Identified the +6 quarterstaff of Domakadd {protect, Drain
                  | Str+4 Dex+3}
 12830 | Lair:1   | Reached skill level 5 in Fighting
 12919 | Lair:1   | Reached skill level 5 in Dodging
 13061 | Lair:1   | Reached XP level 12. HP: 103/103 MP: 22/22
 13262 | Lair:1   | Found the +8 whip "Snakebite" {venom, curare, rPois}
 13693 | Lair:2   | Found a staircase to the Swamp.
 14476 | Lair:2   | Noticed a boulder beetle
 14783 | Lair:2   | Reached ***** piety under Ashenzari
 15057 | Lair:2   | Killed a boulder beetle
 15310 | Lair:2   | Reached skill level 10 in Fighting
 15467 | Lair:2   | Learned a level 6 spell: Summon Cactus Giant
 15621 | Lair:3   | Reached XP level 13. HP: 118/122 MP: 23/23
 15664 | Lair:3   | Identified the +1 chain mail "Piprecul" {Drain +Blink
                  | Str+3}
 15810 | Lair:3   | Found a hole to the Spider Nest.
 15848 | Lair:3   | Noticed Amaemon
 15860 | Lair:3   | Killed Amaemon
 16299 | Lair:3   | Identified a scroll of acquirement
 16309 | Lair:3   | Acquired 1136 gold pieces
 16810 | Lair:4   | Reached skill level 10 in Dodging
 17319 | Lair:4   | Found a staircase to the Slime Pits.
 18488 | Lair:5   | Entered Level 5 of the Lair of Beasts
 18499 | Lair:5   | Reached skill level 1 in Maces & Flails
 18507 | Lair:5   | Reached skill level 2 in Maces & Flails
 18509 | Lair:5   | Reached skill level 3 in Maces & Flails
 18515 | Lair:5   | Reached skill level 4 in Maces & Flails
 18596 | Lair:5   | Reached skill level 5 in Maces & Flails
 18598 | Lair:5   | Gained mutation: Your tail ends in a venomous barb. [Green
                  | Draconian growth]
 18598 | Lair:5   | Reached XP level 14. HP: 107/138 MP: 25/25
 18680 | Lair:5   | Reached skill level 6 in Maces & Flails
 18790 | Lair:5   | Identified the +7 hand axe of the Endless Lies {flame,
                  | *Noise rF+ rN+++ Dex+3}
 18802 | Lair:5   | Reached skill level 7 in Maces & Flails
 18879 | Lair:5   | Identified the +9 morningstar "Zuhyerr" {freeze, Will+
                  | rCorr}
 18892 | Lair:5   | Reached skill level 8 in Maces & Flails
 19273 | Lair:5   | Reached skill level 9 in Maces & Flails
 19460 | Lair:5   | Identified the +11 dire flail "Koschyli" {vamp, Dex+3 SInv}
 19632 | Lair:5   | Reached skill level 10 in Maces & Flails
 19964 | Orc:1    | Entered Level 1 of the Orcish Mines
 20138 | Orc:1    | Found Wudur's Antique Armour Emporium.
 20270 | Orc:2    | Entered Level 2 of the Orcish Mines
 20295 | Orc:1    | Reached skill level 11 in Maces & Flails
 20548 | Orc:2    | Found a staircase to the Elven Halls.
 20562 | Orc:2    | Noticed an orc warlord
 20572 | Orc:2    | Killed an orc warlord
 20598 | Orc:2    | Reached skill level 12 in Maces & Flails
 20901 | Orc:2    | Found Miogipua's Antique Weapon Shop.
 21064 | Orc:2    | Found Disetued's Antique Armour Shop.
 21261 | Orc:2    | Found Ruw Pelyr's Book Shop.
 21276 | Orc:2    | Found Syig's General Store.
 21377 | Orc:2    | Bought a pair of distressingly furry boots for 256 gold
                  | pieces
 21377 | Orc:2    | Identified the +3 pair of boots "Niha" {rPois Int+4} (You
                  | bought it in a shop on level 2 of the Orcish Mines)
 21377 | Orc:2    | Bought a masterwork cloak for 256 gold pieces
 21377 | Orc:2    | Identified the +1 cloak "Vooseesh" {Harm Regen+ MP-9} (You
                  | bought it in a shop on level 2 of the Orcish Mines)
 21624 | D:11     | Reached XP level 15. HP: 146/146 MP: 27/27
 21662 | D:11     | Noticed theswoord's ghost (journeyman DsGl)
 21666 | D:11     | Found a transporter.
 21682 | D:11     | Found a transporter.
 23265 | D:12     | Reached skill level 13 in Maces & Flails
 24131 | D:13     | Found a gate to the Vaults.
 24146 | D:13     | Reached skill level 14 in Maces & Flails
 24405 | D:13     | Identified the +1 leather armour of the Hidden Vale {rF+
                  | Will+ SInv}
 25224 | D:14     | Found a frozen archway.
 25235 | D:14     | Noticed Nessos
 25272 | D:14     | Killed Nessos
 25499 | IceCv    | Entered an ice cave
 25801 | IceCv    | Learned a level 5 spell: Summon Forest
 25906 | IceCv    | Reached skill level 15 in Maces & Flails
 26947 | IceCv    | Noticed an Ice Fiend
 26991 | IceCv    | Reached skill level 16 in Maces & Flails
 27161 | IceCv    | Killed an Ice Fiend
 27357 | IceCv    | Identified the +0 pair of gloves of Freedom {Rampage Drain
                  | rCorr SInv}
 27440 | D:14     | Identified the +1 helmet of Complete Protection {Fly rCorr}
 28311 | D:14     | Found Kac Hace's Pet Rocks.
 28505 | D:15     | Entered Level 15 of the Dungeon
 28556 | D:15     | Noticed Kirke
 28572 | D:15     | Killed Kirke
 28573 | D:15     | Reached XP level 16. HP: 133/151 MP: 28/28
 29552 | D:15     | Reached skill level 10 in Spellcasting
 30001 | D:15     | Found a staircase to the Depths.
 30388 | Swamp:1  | Entered Level 1 of the Swamp
 30703 | Swamp:1  | Identified the +4 war axe of Ambiguity {freeze, Drain rPois
                  | rN+ rCorr}
 32738 | Swamp:2  | Learned a level 4 spell: Manifold Assault
 32920 | Swamp:2  | Reached skill level 5 in Translocations
 33570 | Swamp:2  | Acquired the +0 kite shield of Paageith {rPois rN+ Dex+3
                  | Stlth+}
 33809 | Swamp:3  | Reached skill level 1 in Shields
 33988 | Swamp:3  | Killed by an exploding bloated husk

Illustrated notes

Levels and vault maps discovered:
D:1:      psy_arrival_terrarium, layout_rooms
D:2:      minmay_inner_zag, layout_basic, minmay_misc_feat_rugged
D:3:      layout_basic, trog_hazing_becter, shapermc_ecumenical_altar_petra,
          grunt_decor_fettered
D:4:      layout_loops_ring, grunt_temple_overflow_open
D:5:      cheibrodos_fertilizer, layout_basic
D:6:      layout_layer_cave, mainiacjoe_overflow_catwalk,
          nemelex_diamond_rough_becter, pdpol_wu_jian_five_deadly_venoms,
          minmay_temple_entry_ruins, kennysheep_small_circle
D:7:      layout_loops_ring, mainiacjoe_overflow_tiny_flanked,
          minmay_misc_feat_hallway, uniq_maggie, uniq_prince_ribbit1,
          uniq_joseph
D:8:      layout_loops_corners, kennysheep_slug_shrine,
          gup_ossuary_entry_pyramid
D:9:      layout_basic
D:10:     layout_roguey, mainiacjoe_overflow_six_doors_small,
          kennysheep_mini_moat, hellmonk_lair_entry_icy, david_orc_4,
          gammafunk_ghost_spectres
D:11:     layout_cave_pools, nzn_ghost_randoct, minmay_door_square
D:12:     layout_basic, laboratory
D:13:     layout_basic, lightli_vaults_fourway_checkpoint, serial_bayou,
          serial_bayou_pond_e, serial_bayou_lagoon_a, serial_bayou_pond_a,
          serial_bayou_pond_b, serial_bayou_ford_a, serial_bayou_lagoon_b
D:14:     layout_gridville, portal_ice_cave_entry_ice_statue_two,
          minmay_misc_feat_cross, guppyfry_shop_earth, uniq_nessos
D:15:     grunt_enter_depths_hoard, layout_basic, minivault_19, wad_dig_loot,
          uniq_kirke
Temple:   nicolae_temple_slightly_damp_pantheon
Lair:1:   minmay_guarded_unrand_snakebite, layout_gridlike, gammafunk_ghost_hive
Lair:2:   nzn_winding_woodlands_stair_trap
          [nzn_winding_woodlands_5x15_pathside_ponds,
          nzn_winding_woodlands_5x15_crooked, nzn_winding_woodlands_5x15_zeroes,
          nzn_winding_woodlands_15x15_thick_spiral,
          nzn_winding_woodlands_5x15_pool, nzn_winding_woodlands_5x15_jagged,
          nzn_winding_woodlands_5x15_garden], layout_hall_layers,
          minmay_swamp_entry_reptiles, nicolae_lair_grove_arrangements
Lair:3:   layout_chaotic_city, spider_nest_entry_web_field, serial_bayou,
          serial_bayou_pond_d, serial_bayou_crossing, serial_bayou_pond_e,
          serial_bayou_pond_b, cheibrodos_lair_caveside_slide,
          roderic_carrion_pond, uniq_amaemon
Lair:4:   layout_loops_ring, slime_entry_1, serial_forest,
          infiniplex_forest_corner_2, infiniplex_forest_clump_long,
          infiniplex_forest_end_3, infiniplex_forest_straight_2,
          infiniplex_forest_straight_5, infiniplex_forest_clump_tiny,
          infiniplex_forest_clump_tiny, infiniplex_forest_lined_3,
          chequers_serial_rivers_micro_d
Lair:5:   minmay_lair_end_frog_pond, layout_misc_corridors
Swamp:1:  layout_basic_swamp, serial_swamp_ruin, evilmike_swamp_ruin_house_3,
          evilmike_swamp_ruin_house_2, evilmike_swamp_ruin_house_5
Swamp:2:  layout_basic_swamp, evilmike_swamp_ruin_rubble_2
Swamp:3:  layout_falls_marsh, gammafunk_ghost_hydra_chop,
          evilmike_swamp_ruin_house_1
Orc:1:    layout_caves, serial_shops, nicolae_shop_competitors_out_of_business
Orc:2:    grunt_orc_cross, layout_caves

Skill      XL: |  1  2  3  4  5  6  7  8  9 10 11 12 13 14 15 16 |
---------------+-------------------------------------------------+-----
Conjurations   | 2 3 4 5 |  5.7
Summonings     | 2 3 4 5 7 9 10 | 10.0
Fire Magic     | 1 2 3 5 |  5.0
Spellcasting   | 4 5 6 8 11 | 11.8
Translocations | 2 3 6 |  6.0
Poison Magic   | 5 8 9 |  9.7
Transmutations | 4 7 8 |  8.1
Dodging        | 5 8 10 | 10.7
Fighting       | 5 10 12 | 12.4
Maces & Flails | 5 12 16 | 16.0
Shields        | 1 |  1.6
Stealth        | |  1.7

Action                     |  1- 3 |  4- 6 |  7- 9 | 10-12 | 13-15 | 16-18 || total
---------------------------+-------+-------+-------+-------+-------+-------++-------
  Melee: Dagger            |    15 |       |       |       |       |       ||    15
         Tailslap          |     4 |     4 |    44 |    47 |   135 |    46 ||   280
         Short sword       |    41 |    71 |   273 |   268 |       |       ||   653
         Kick              |     9 |    13 |    23 |       |       |       ||    45
         Punch             |       |       |     4 |     4 |     8 |     5 ||    21
         Whip              |       |       |       |    84 |   646 |       ||   730
         Morningstar       |       |       |       |       |    43 |   320 ||   363
   Cast: Magic Dart        |    83 |    20 |       |       |       |       ||   103
         Sticky Flame      |       |     2 |     7 |    39 |    46 |       ||    94
         Call Imp          |       |     1 |       |       |       |       ||     1
         Call Canine Famil |       |    12 |    34 |    31 |    13 |       ||    90
         Eringya's Noxious |       |       |       |    31 |    80 |    16 ||   127
         Summon Cactus Gia |       |       |       |       |    74 |    28 ||   102
         Manifold Assault  |       |       |       |       |       |    37 ||    37
         Summon Forest     |       |       |       |       |       |     2 ||     2
 Invoke: Renounce Religion |       |     1 |       |       |       |       ||     1
         Curse Item        |       |       |     3 |     5 |     1 |     2 ||    11
         Shatter the Chain |       |       |       |     1 |     2 |       ||     3
Ability: Breathe Noxious F |       |       |    14 |    12 |     2 |     2 ||    30
  Evoke: Wand              |       |       |       |       |     2 |       ||     2
    Use: Scroll            |     7 |     3 |     4 |     1 |     3 |     5 ||    23
         Potion            |     7 |     1 |       |       |     2 |       ||    10
   Stab: Sleeping          |     2 |     1 |     3 |     3 |     2 |     2 ||    13
         Confused          |       |       |    11 |     3 |       |       ||    14
         Distracted        |       |       |     1 |     2 |     2 |     1 ||     6
 Armour: Skin              |    34 |    23 |    89 |   121 |   144 |    67 ||   478
  Dodge: Dodged            |    46 |    56 |   272 |   445 |   725 |   192 ||  1736
  Block: Kite shield       |       |       |       |       |       |     5 ||     5

Table legend: (Time is in decaauts)
 A = Elapsed time spent in this place.
 B = Non-inter-level travel time spent in this place.
 C = Inter-level travel time spent in this place.
 D = Time resting spent in this place.
 E = Time spent auto-exploring this place.
 F = Levels seen in this place.
 G = Mean time per level.
                   A        B        C        D        E       F      G
               +--------+--------+--------+--------+--------+-----+--------+
         Total |  34050 |  32454 |   1596 |   6865 |  19402 |  28 | 1216.1 |
       Dungeon |  18607 |  17646 |    961 |   3016 |  11582 |  15 | 1240.5 |
        Temple |    220 |    170 |     50 |      0 |    156 |   1 |  220.0 |
          Lair |   7935 |   7514 |    421 |    861 |   5230 |   5 | 1587.0 |
         Swamp |   3669 |   3608 |     61 |   1716 |   1391 |   3 | 1223.0 |
  Orcish Mines |   1459 |   1356 |    103 |    170 |    911 |   2 |  729.5 |
       Ossuary |    237 |    237 |      0 |      0 |    131 |   1 |  237.0 |
      Ice Cave |   1919 |   1919 |      0 |   1101 |      0 |   1 | 1919.0 |
               +--------+--------+--------+--------+--------+-----+--------+

Top non-repeatable levels by time:
  Lair:2: 2156 daAuts
 Swamp:1: 1971 daAuts
   IceCv: 1919 daAuts
    D:12: 1806 daAuts
    D:15: 1707 daAuts
    D:10: 1639 daAuts
  Lair:4: 1612 daAuts
     D:5: 1579 daAuts
 Swamp:2: 1499 daAuts
  Lair:1: 1489 daAuts
     D:6: 1448 daAuts
    D:14: 1438 daAuts
     D:9: 1363 daAuts
  Lair:3: 1346 daAuts
  Lair:5: 1330 daAuts
